 Dungeon Crawl Stone Soup version 0.28-a0-1395-g4f6bc678fa (webtiles) character file.

Game seed: 5875440954376961423

326 bande the Covered (level 6, -7/39 HPs)
             Began as a Gargoyle Fighter on Jan 5, 2022.
             Mangled by Duvessa (9 damage)
             ... on level 4 of the Dungeon.
             The game lasted 00:05:00 (3744 turns).

bande the Covered (Gargoyle Fighter)                Turns: 3744, Time: 00:05:00

Health: -7/39      AC:  0    Str: 20    XL:     6   Next: 49%
Magic:  0/6        EV: 13    Int:  8    God:
Gold:   772        SH:  0    Dex: 11    Spells: 5/5 levels left

rFire   . . .      SeeInvis .   (weapon currently unavailable)
rCold   . . .      Faith    .   (shield currently unavailable)
rNeg    + . .      Spirit   +   (armour currently unavailable)
rPois   ∞          Reflect  .   (helmet currently unavailable)
rElec   .          Harm     .   (cloak currently unavailable)
rCorr   .          Rampage  .   (gloves currently unavailable)
Will    .....                   (boots currently unavailable)
Stlth   +.........              m - amulet of guardian spirit
HPRegen 0.13/turn               (ring currently unavailable)
MPRegen 0.10/turn               (ring currently unavailable)

@: pig-form, very quick
A: fast, no casting, sickness immunity, AC +4, small, negative energy resistance
1, (electricity resistance), torment resistance 1, petrification resistance,
(talons 1), (fire resistance 1)
a: no special abilities


You were on level 4 of the Dungeon.
You were a filthy swine.
You visited 1 branch of the dungeon, and saw 4 of its levels.

You collected 772 gold pieces.

Inventory:

Hand Weapons
 a - a +0 war axe (melded)
Armour
 b - an orb of light
 c - a +0 buckler (melded)
 g - a +0 plate armour (melded)
Jewellery
 m - an amulet of guardian spirit (around neck)
Scrolls
 h - a scroll of fog
Potions
 d - a potion of might
 e - a potion of flight
 f - a potion of heal wounds
 i - a potion of curing


   Skills:
 + Level 4.5 Fighting
 + Level 4.5 Axes
 + Level 4.5 Armour
 + Level 3.8 Shields


You had 5 spell levels left.
You didn't know any spells.
Your spell library contained the following spells:

 Spells                   Type           Power      Damage    Failure   Level
 Freeze                   Ice            0%         1d3       41%         1
 Frozen Ramparts          Ice            0%         1d2       78%         3
 Ozocubu's Armour         Ice            0%         N/A       78%         3
 Hailstorm                Conj/Ice       0%         3d3       99%         4
 Metabolic Englaciation   Hex/Ice        0%         N/A       100%        5
 Simulacrum               Ice/Necr       0%         N/A       100%        6


Dungeon Overview and Level Annotations

Branches:
Dungeon (4/15)
 Temple: D:4-7

Altars:

Annotations:
D:4 Dowan, Duvessa


Innate Abilities, Weirdness & Mutations

You are a filthy swine.
You move quickly.
Your equipment is almost entirely melded.
You are incapable of wielding weapons or throwing items.
You cannot cast spells.
You are immune to sickness and miasma.
((Your stone body is resilient. (AC +4)))
You are immune to poison.
You resist negative energy. (rN+)
((You are resistant to electric shocks. (rElec)))
You are resistant to unholy torment.
You are immune to petrification.
((You have sharp toenails.))
((Your flesh is heat resistant. (rF+)))


Message History

You block Duvessa's attack.
Dowan, Brother of Duvessa comes into view.
He is wielding a +0 dagger and carrying a wand of polymorph (10).
Dowan shouts!
You hit Duvessa but do no damage. Your kick misses Duvessa.
Duvessa is moderately wounded.
Duvessa hits you but does no damage. Duvessa hits you with a +0 short sword.
You hit Duvessa but do no damage.
Duvessa is moderately wounded.
Duvessa closely misses you.
You slash Duvessa! You claw Duvessa, but do no damage.
Duvessa is heavily wounded.
Duvessa hits you but does no damage.
Dowan points at Duvessa and mumbles some strange words.
Duvessa seems to speed up.
You slash Duvessa! You claw Duvessa, but do no damage.
Duvessa is severely wounded.
Duvessa hits you but does no damage. x2
You hit Duvessa but do no damage.
Duvessa is severely wounded.
Duvessa hits you with a +0 short sword!
Dowan mumbles some strange words.
Dowan blinks!
You block Duvessa's attack.
You barely miss Duvessa. Your kick misses Duvessa.
Duvessa is severely wounded.
Duvessa hits you with a +0 short sword.
Dowan smirks and points a slender finger.
Dowan zaps a wand.
You turn into a filthy swine.
Your +0 war axe melds into your body.
Your +0 buckler melds into your body.
Your +0 plate armour melds into your body.
Duvessa hits you with a +0 short sword.
You hit Dowan.
Dowan is lightly wounded.
Duvessa hits you with a +0 short sword! Dowan hits you with a +0 dagger.
* * * LOW HITPOINT WARNING * * *
You hit Dowan.
Dowan is lightly wounded.
Duvessa hits you with a +0 short sword!
* * * LOW HITPOINT WARNING * * *
Duvessa hits you with a +0 short sword!
You die...

#.# #.# #.#
####.#
..##.#
#.##.#####
#.##.....#
#e######.#
#h# #.#
#e######.##
#.........#
###########


You could see Duvessa (fast) and Dowan.

Vanquished Creatures
  Grinder (D:3)
  Jessica (D:3)
  Terence (D:2)
  3 adders
  A dart slug (D:1)
  2 orcs (D:3)
  6 bats
  An endoplasm (D:1)
  A giant cockroach (D:1)
  3 goblins
  6 hobgoblins
  7 kobolds
  5 quokkas
  3 ball pythons
  3 frilled lizards
  7 rats
51 creatures vanquished.

Notes
Turn   | Place    | Note
-------+----------+-------------------------------------------
     0 | D:1      | bande the Gargoyle Fighter began the quest for the Orb.
     0 | D:1      | Reached XP level 1. HP: 14/14 MP: 1/1
   167 | D:1      | Reached XP level 2. HP: 19/19 MP: 2/2
   670 | D:1      | Reached XP level 3. HP: 18/24 MP: 3/3
   842 | D:2      | Identified a scroll of acquirement
   842 | D:2      | Acquired 695 gold pieces
   919 | D:2      | Noticed Terence
   928 | D:2      | Killed Terence
  1232 | D:2      | Reached XP level 4. HP: 20/29 MP: 4/4
  1759 | D:2      | Identified the +3 leather armour "Cihofeym" {Rampage rC+
                  | rN+ Dex-4}
  1967 | D:3      | Noticed Jessica
  1979 | D:3      | Killed Jessica
  2611 | D:3      | Reached XP level 5. HP: 33/33 MP: 5/5
  2739 | D:3      | Noticed Grinder
  2747 | D:3      | Paralysed by Grinder for 2 turns
  2761 | D:3      | Killed Grinder
  2762 | D:3      | Reached XP level 6. HP: 5/39 MP: 6/6
  3254 | D:3      | Gained mutation: You have sharp toenails. [potion of
                  | mutation]
  3254 | D:3      | Gained mutation: Your flesh is heat resistant. (rF+)
                  | [potion of mutation]
  3731 | D:4      | Noticed Duvessa
  3736 | D:4      | Noticed Dowan
  3744 | D:4      | Mangled by Duvessa

Illustrated notes

Levels and vault maps discovered:
D:1:      dpeg_arrival_pond, layout_loops_ring
D:2:      layout_loops_ring, minmay_pentomino_o2, uniq_terence
D:3:      layout_basic, uniq_jessica, uniq_grinder
D:4:      layout_basic, gup_sewer_entry_spiral, minmay_pentangle, uniq_pikel,
          uniq_duvessa

Skill      XL: |  1  2  3  4  5 |
---------------+----------------+-----
Axes           | 2 3 4 |  4.5
Fighting       | 4 |  4.5
Armour         | 4 |  4.5
Shields        | |  3.8

Action                   |  1- 3 |  4- 6 || total
-------------------------+-------+-------++-------
Melee: War axe           |    96 |    91 ||   187
       Kick              |       |     6 ||     6
       Unarmed           |       |     2 ||     2
  Use: Scroll            |     7 |       ||     7
       Potion            |       |     5 ||     5
Armor: Scale mail        |    42 |       ||    42
       Plate armour      |    12 |    72 ||    84
Dodge: Dodged            |    45 |    23 ||    68
Block: Buckler           |    21 |    24 ||    45

Table legend: (Time is in decaauts)
 A = Elapsed time spent in this place.
 B = Non-inter-level travel time spent in this place.
 C = Inter-level travel time spent in this place.
 D = Time resting spent in this place.
 E = Time spent auto-exploring this place.
 F = Levels seen in this place.
 G = Mean time per level.
                   A        B        C        D        E       F      G
               +--------+--------+--------+--------+--------+-----+--------+
         Total |   3818 |   3778 |     40 |   1047 |   2139 |   4 |  954.5 |
       Dungeon |   3818 |   3778 |     40 |   1047 |   2139 |   4 |  954.5 |
               +--------+--------+--------+--------+--------+-----+--------+

Top non-repeatable levels by time:
     D:3: 1830 daAuts
     D:2: 1043 daAuts
     D:1: 849 daAuts
     D:4: 95 daAuts
